 Seeded DCSS version 0.30-a0-358-g0d69a1922f (webtiles) character file.

Game seed: 1248076946616818090 (custom seed)

889 valliere the Shooter (level 7, -1/40 HPs)
             Began as a Deep Elf Hexslinger on Nov 9, 2022.
             Was an Initiate of Hepliaklqana.
             Slain by Edmund
             ... wielding a +1 flail of holy wrath
              (4 damage)
             ... on level 4 of the Dungeon.
             The game lasted 00:12:32 (3713 turns).

valliere the Shooter (Deep Elf Hexslinger)          Turns: 3713, Time: 00:12:33

Health: -1/40      AC:  6    Str:  7    XL:     7   Next: 77%
Magic:  15/15      EV: 13    Int: 18    God:    Hepliaklqana [......]
Gold:   1074       SH:  0    Dex: 17    Spells: 13/14 levels left

rFire   . . .      SeeInvis .    z - +3 shortbow (drain)
rCold   . . .      Faith    .    (shield currently unavailable)
rNeg    . . .      Spirit   .    p - +0 leather armour
rPois   .          Reflect  .    (no helmet)
rElec   .          Harm     .    (no cloak)
rCorr   .          Rampage  .    h - +1 pair of gloves
Will    .....                    u - +0 pair of boots
Stlth   ++........               (no amulet)
HPRegen 0.26/turn                (no ring)
MPRegen 0.14/turn                (no ring)

@: no status effects
A: no striking features
a: Renounce Religion


You were on level 4 of the Dungeon.
You worshipped Hepliaklqana.
Hepliaklqana was noncommittal.
You visited 2 branches of the dungeon, and saw 5 of its levels.

You collected 1074 gold pieces.

Inventory:

Hand Weapons
 a - a +1 sling
 j - a +4 dagger of pain
 r - a +4 vorpal hand crossbow
 z - a +3 shortbow of draining (weapon)
Armour
 c - a +0 robe
 h - a +1 pair of gloves (worn)
 p - a +0 leather armour (worn)
 u - a +0 pair of boots (worn)
 y - a +1 cloak of poison resistance
Jewellery
 s - a ring of ice
 t - a ring of flight
Scrolls
 b - a scroll of poison
 d - a scroll of amnesia
 e - 4 scrolls of identify
 f - a scroll of teleportation {unknown}
 g - a scroll of enchant weapon {unknown}
 k - a scroll of silence {unknown}
 l - 3 scrolls of brand weapon
 m - a scroll of torment {unknown}
 x - a scroll of fear {unknown}
 B - a scroll of enchant armour {unknown}
 C - a scroll of immolation {unknown}
Potions
 i - 2 potions of curing
 n - a potion of heal wounds {unknown}
 o - a potion of flight {unknown}
 q - 2 potions of degeneration
 v - a potion of attraction {unknown}
 w - a potion of ambrosia {unknown}
 A - a potion of mutation {unknown}


   Skills:
 + Level 2.8 Fighting
 * Level 6.9 Ranged Weapons
 + Level 4.4 Dodging
 + Level 3.8 Stealth
 + Level 4.4 Spellcasting
 + Level 5.9 Hexes


You had 13 spell levels left.
You knew the following spells:

 Your Spells              Type           Power      Damage    Failure   Level
a - Slow                  Hex            100%       N/A       1%          1

Your spell library contained the following spells:

 Spells                   Type           Power      Damage    Failure   Level
 Inner Flame              Hex/Fire       14%        N/A       19%         3
 Portal Projectile        Hex/Tloc       28%        N/A       19%         3
 Cause Fear               Hex            12%        N/A       19%         4


Dungeon Overview and Level Annotations

Branches:
Dungeon (4/15)             Temple (1/1) D:4

Altars:
Ashenzari
Cheibriados
Elyvilon
Fedhas
Gozag
Hepliaklqana
Kikubaaqudgha
Makhleb
Okawaru
Qazlal
Ru
Sif Muna
Uskayaw
Yredelemnul
Zin
The Shining One

Annotations:
D:3 1 runed translucent door, Crazy Yiuf
D:4 Edmund


Message History

Edmund hits you with a +1 flail of holy wrath!
* * * LOW HITPOINT WARNING * * *
Okay, then.
Okay, then.
Fire: z) +3 shortbow (drain)
Press: ? - help, Q - select action, (/) - cycle Shift-Dir - straight line, f/p - Grinder
Aim: Grinder (heavily wounded, 64% to hit)
You shoot an arrow. The arrow hits Grinder!
Grinder is severely wounded.
Grinder hits you but does no damage. Edmund closely misses you.
Fire: z) +3 shortbow (drain)
Press: ? - help, Q - select action, (/) - cycle Shift-Dir - straight line, f/p - Grinder
Aim: Grinder (severely wounded, 64% to hit)
You shoot an arrow. The arrow hits Grinder.
Grinder is almost dead.
Grinder barely misses you. Edmund misses you. Grinder hits you.
* * * LOW HITPOINT WARNING * * *
Edmund misses you.
Unknown command.
Fire: z) +3 shortbow (drain)
Press: ? - help, Q - select action, (/) - cycle Shift-Dir - straight line, f/p - Grinder
Aim: Grinder (almost dead, 64% to hit)
You shoot an arrow. The arrow hits Grinder!
You kill Grinder!
Edmund closely misses you.
Unknown command.
Fire: z) +3 shortbow (drain)
Press: ? - help, Q - select action, (/) - cycle Shift-Dir - straight line, f - Edmund
Aim: Edmund, wielding a +1 flail of holy wrath and wearing a +0 ring mail (70% to hit)
You shoot an arrow. The arrow hits Edmund.
Edmund is lightly wounded.
Edmund barely misses you.
Unknown command.
Fire: z) +3 shortbow (drain)
Press: ? - help, Q - select action, (/) - cycle Shift-Dir - straight line, f/p - Edmund
Aim: Edmund, wielding a +1 flail of holy wrath and wearing a +0 ring mail (lightly wounded, 70% to hit)
You shoot an arrow. The arrow hits Edmund.
Edmund is moderately wounded.
Edmund hits you with a +1 flail of holy wrath.
You die...

......##...###.... ##
...#..##......... ..##
..##............. ...#
..##............##....##
.....#...........#......
....)##..........#......
......#.....##......#
...........#....@...###
...........#....@)....#
.###.#...............##
.....#..........[...##
.#.#................#
####...##..........##
####....#...........#
.##...................
....................#.
................##..!


You could see Edmund.

Vanquished Creatures
  Grinder (D:4)
  Eustachio (D:4)
  A phantom (D:4)
  2 necrophages (D:4)
  A scorpion (D:4)
  A jelly (D:4)
  Natasha (thrice) (D:4)
  Robin (D:3)
  4 adders
  3 gnolls (D:3)
  An ufetubus (D:4)
  A worm (D:4)
  9 bats
  8 endoplasms
  9 giant cockroaches
  15 goblins
  13 hobgoblins
  14 jackals
  6 kobolds
  4 quokkas
  4 ball pythons
  8 frilled lizards
  3 rats
113 creatures vanquished.

Notes
Turn   | Place    | Note
-------+----------+-------------------------------------------
     0 | D:1      | valliere the Deep Elf Hexslinger began the quest for the
                  | Orb.
     0 | D:1      | Reached XP level 1. HP: 11/11 MP: 5/5
    69 | D:1      | Reached skill level 3 in Ranged Weapons
    69 | D:1      | Reached XP level 2. HP: 5/16 MP: 3/6
   144 | D:1      | Reached skill level 1 in Fighting
   422 | D:1      | Reached skill level 1 in Stealth
   422 | D:1      | Reached XP level 3. HP: 20/20 MP: 8/8
   922 | D:2      | Reached skill level 4 in Ranged Weapons
  1111 | D:2      | Reached XP level 4. HP: 24/25 MP: 9/9
  1913 | D:3      | Reached XP level 5. HP: 10/29 MP: 11/11
  2183 | D:3      | Found a runed translucent door.
  2184 | D:3      | Noticed Crazy Yiuf
  2340 | D:3      | Noticed Robin
  2376 | D:3      | Killed Robin
  2514 | D:3      | Identified 4 scrolls of acquirement
  2516 | D:3      | Acquired 915 gold pieces
  2518 | D:3      | Acquired a +1 cloak of poison resistance
  2520 | D:3      | Acquired a +3 shortbow of draining
  2522 | D:3      | Acquired a +4 vorpal hand crossbow
  3050 | D:4      | Reached skill level 5 in Ranged Weapons
  3050 | D:4      | Reached skill level 5 in Hexes
  3090 | D:4      | Noticed Natasha
  3092 | D:4      | Killed Natasha
  3093 | D:4      | Reached XP level 6. HP: 35/35 MP: 12/12
  3114 | D:4      | Noticed Natasha
  3121 | D:4      | Killed Natasha
  3177 | D:4      | Noticed Natasha
  3182 | D:4      | Killed Natasha
  3296 | D:4      | Noticed Eustachio
  3303 | D:4      | Killed Eustachio
  3304 | D:4      | Reached skill level 6 in Ranged Weapons
  3304 | D:4      | Reached XP level 7. HP: 38/40 MP: 14/14
  3422 | D:4      | Found a staircase to the Ecumenical Temple.
  3457 | Temple   | Entered the Ecumenical Temple
  3566 | Temple   | Became a worshipper of Hepliaklqana the Forgotten
  3695 | D:4      | Noticed Grinder
  3696 | D:4      | Noticed Edmund
  3702 | D:4      | Paralysed by Grinder for 5 turns
  3710 | D:4      | HP: 2/40 [Grinder (2)]
  3711 | D:4      | Killed Grinder
  3713 | D:4      | Slain by Edmund

Illustrated notes

Levels and vault maps discovered:
D:1:      dpeg_arrival_long_road, layout_basic
D:2:      layout_basic
D:3:      layout_basic, serial_aquarium, aquarium_bridge_square
          [aquarium_subvault_balcony, aquarium_subvault_bridge,
          aquarium_subvault_balcony, aquarium_subvault_window],
          aquarium_bridge_long_separate [aquarium_subvault_bridge,
          aquarium_subvault_balcony, aquarium_subvault_balcony,
          aquarium_subvault_wall, aquarium_subvault_bridge,
          aquarium_subvault_window], aquarium_window_2, aquarium_window_1,
          aquarium_window_1, aquarium_window_fake, aquarium_view_2c,
          aquarium_view_2c, aquarium_balcony_1b, uniq_robin,
          uniq_crazy_yiuf_cottage
D:4:      layout_cave_pools, minmay_temple_entry_mist, minmay_ruptured,
          uniq_grinder, uniq_natasha, uniq_edmund, uniq_eustachio
Temple:   nicolae_temple_superstar

Skill      XL: |  1  2  3  4  5  6  7 |
---------------+----------------------+-----
Ranged Weapons | 3 4 5 6 |  6.9
Fighting       | 1 2 |  2.8
Spellcasting   | 2 3 4 |  4.4
Stealth        | 1 2 3 |  3.8
Dodging        | 3 4 |  4.4
Hexes          | 5 |  5.9

Action                   |  1- 3 |  4- 6 |  7- 9 || total
-------------------------+-------+-------+-------++-------
 Fire: Sling             |   192 |   106 |       ||   298
       Shortbow          |       |    46 |    34 ||    80
 Cast: Slow              |     3 |       |       ||     3
  Use: Scroll            |     1 |     7 |     1 ||     9
       Potion            |     1 |     1 |       ||     2
Armor: Robe              |    31 |     2 |       ||    33
       Skin              |    38 |     9 |       ||    47
       Leather armour    |       |    22 |    10 ||    32
Dodge: Dodged            |    77 |    51 |    25 ||   153

Table legend: (Time is in decaauts)
 A = Elapsed time spent in this place.
 B = Non-inter-level travel time spent in this place.
 C = Inter-level travel time spent in this place.
 D = Time resting spent in this place.
 E = Time spent auto-exploring this place.
 F = Levels seen in this place.
 G = Mean time per level.
                   A        B        C        D        E       F      G
               +--------+--------+--------+--------+--------+-----+--------+
         Total |   3803 |   3685 |    118 |    138 |   2736 |   5 |  760.6 |
       Dungeon |   3681 |   3574 |    107 |    138 |   2676 |   4 |  920.2 |
        Temple |    121 |    110 |     11 |      0 |     60 |   1 |  121.0 |
               +--------+--------+--------+--------+--------+-----+--------+

Top non-repeatable levels by time:
     D:3: 1328 daAuts
     D:2: 1072 daAuts
     D:1: 687 daAuts
     D:4: 593 daAuts
  Temple: 121 daAuts
